[Event "*** Titled Tuesday Blitz"]
[Site "Chess.com"]
[Date "2021.04.06"]
[Round "11"]
[White "Godzillator"]
[Black "sergeikim"]
[Result "1-0"]
[WhiteElo "2343"]
[BlackElo "2522"]
[TimeControl "180+1"]
[EndTime "12:06:51 PDT"]
[Termination "Godzillator won by checkmate"]

1. d4 Nf6 2. c4 g6 3. Nc3 Bg7 4. e4 d6 5. Be2 O-O 6. Bg5 Nbd7 7. Qc1 a6 8. a4 e5 9. d5 Nc5 10. Qc2 a5 11. f3 c6 12. Rd1 h6 13. Bh4 cxd5 14. Nxd5 Ne6 15. Bd3 Nd4 16. Qd2 g5 17. Nxf6+ Qxf6 18. Bf2 Be6 19. Ne2 Nb3 20. Qc3 Nc5 21.
Bc2 Qe7 22. b3 Rfc8 23. Qd2 Bf8 24. Nc3 Na6 25. Nb5 Nb4 26. Bb1 Rc6 27. Be3 Qf6 28.
Rf1 Qg6 29. g4 Be7 30. Rh1 h5 31. gxh5 Qxh5 32. Qg2 Kh8 33. h4 gxh4 34. Rg1 Qh7 35. f4 h3 36. Qf3 Qh4+ 37. Ke2 h2 38. f5 hxg1=Q 39. Rxg1 Qh2+ 40. Rg2 Qh1 41. Rg8+ Rxg8 42. Qxh1+ Kg7 43. Qh6# 1-0

[Event "*** Titled Tuesday Blitz"]
[Site "Chess.com"]
[Date "2021.04.06"]
[Round "11"]
[White "Konek-Gorbunok"]
[Black "mr65"]
[Result "1-0"]
[WhiteElo "2339"]
[BlackElo "2166"]
[TimeControl "180+1"]
[EndTime "12:06:54 PDT"]
[Termination "Konek-Gorbunok won by resignation"]

1. d4 Nf6 2. Nf3 g6 3. c4 Bg7 4. Nc3 O-O 5. e4 d6 6. Be2 Na6 7. O-O e5 8. Bg5 h6 9. Bxf6 Bxf6 10. dxe5 Bxe5 11. Nxe5 dxe5 12. Qc1 Qg5 13. Qxg5 hxg5 14. Rfd1 c6 15. a3 Nc5 16. b4 Ne6 17. c5 Nd4 18.
Bc4 Re8 19. Kf1 Be6 20. Bxe6 Rxe6 21. Ne2 Rd8 22. Rd3 Re7 23. Rad1 Red7 24. f3 Kf8 25.
Nxd4 exd4 26. Ke2 Ke7 27. R3d2 Ke6 28. Kd3 Ke5 29. Kc4 g4 30. Rd3 gxf3 31. gxf3 g5 32.
R1d2 f6 33. a4 Rh8 34. Rxd4 Rxd4+ 35. Rxd4 Rxh2 36. Rd7 Rf2 37. Rxb7 Rxf3 38. Rxa7 Re3 39. b5 Rxe4+ 40. Kb3 Kd5 41. b6 Kxc5 42. b7 Rb4+ 43. Kc3 Rb1 44. a5 g4 45. a6 g3 46. Ra8 g2 47. Rg8 1-0

[Event "*** Titled Tuesday Blitz"]
[Site "Chess.com"]
[Date "2021.04.06"]
[Round "11"]
[White "C_K_G"]
[Black "kikydu96"]
[Result "0-1"]
[WhiteElo "2089"]
[BlackElo "2450"]
[TimeControl "180+1"]
[EndTime "12:06:55 PDT"]
[Termination "kikydu96 won by checkmate"]

1. e4 c5 2. Nf3 d6 3. c3 Nf6 4. Bd3 Bg4 5. Bc2 Nc6 6. h3 Bh5 7.
g4 Bg6 8. d3 e6 9. Rg1 Be7 10. h4 h5 11. g5 Ng4 12. Bf4 O-O 13. Nbd2 d5 14. e5 Qc7 15. Qe2 c4 16. Rd1 cxd3 17. Bxd3 Bxd3 18. Qxd3 Ncxe5 19. Nxe5 Nxe5 20. Qg3 Nd3+ 21. Qxd3 Qxf4 22. Qg3 Qxg3 23. fxg3 b5 24. g4 hxg4 25. Rxg4 Rab8 26. Ke2 b4 27. cxb4 Rxb4 28. Rxb4 Bxb4 29. Nf3 Rc8 30. Kd3 Rc4 31. h5 Bd6 32. g6 fxg6 33. hxg6 Rg4 34. Re1 Rxg6 35. Nd4 Kf7 36. Rf1+ Ke7 37. Nc6+ Kd7 38. Nxa7 Rg3+ 39. Kc2 Be5 40. Rf2 g5 41. Nb5 g4 42. a4 Rh3 43. a5 g3 44. Rf7+ Kc6 45. Na7+ Kc5 46. Nc8 g2 47. a6 g1=Q 48. a7 Qg2+ 49. Kb1 Qxb2# 0-1

[Event "*** Titled Tuesday Blitz"]
[Site "Chess.com"]
[Date "2021.04.06"]
[Round "11"]
[White "Sam_ChessMood"]
[Black "GregShahade"]
[Result "1-0"]
[WhiteElo "2881"]
[BlackElo "2739"]
[TimeControl "180+1"]
[EndTime "12:06:57 PDT"]
[Termination "Sam_ChessMood won by resignation"]

1. d4 Nf6 2. c4 g6 3. Nc3 d5 4.
Nf3 Bg7 5. Qb3 dxc4 6. Qxc4 O-O 7. e4 a6 8. Be2 b5 9. Qb3 c5 10. dxc5 Be6 11. Qc2 Nbd7 12. Be3 Rc8 13. Rd1 b4 14. Nd5 Bxd5 15. exd5 Nxc5 16. O-O a5 17. Bc4 Nce4 18. Ne5 Qc7 19. Nc6 e6 20. Ba6 Ra8 21. Be2 exd5 22. Nxb4 Qxc2 23. Nxc2 Rfb8 24. Bd4 Nd6 25. Ne3 Nf5 26.
Nxf5 gxf5 27. Bf3 Ne4 28. Bxg7 Kxg7 29. Rxd5 Rxb2 30. Rxf5 Nd2 31. Bxa8 Nxf1 32. Kxf1 Rxa2 33. Rxf7+ Kg6 34. Be4+ Kg5 35. f4+ Kg4 36. Bf3+ 1-0

[Event "*** Titled Tuesday Blitz"]
[Site "Chess.com"]
[Date "2021.04.06"]
[Round "11"]
[White "Goryachkina"]
[Black "anasta10"]
[Result "1-0"]
[WhiteElo "2639"]
[BlackElo "2534"]
[TimeControl "180+1"]
[EndTime "12:06:57 PDT"]
[Termination "Goryachkina won by resignation"]

1. e4 e6 2. d4 d5 3. e5 c5 4.
c3 Nc6 5. Nf3 Qb6 6. a3 c4 7.
Be2 Bd7 8. O-O Na5 9. Nbd2 f6 10. Re1 Be7 11. exf6 Bxf6 12. Bf1 Ne7 13. Ne5 Bxe5 14. Rxe5 Ng6 15. Re1 O-O-O 16. Nf3 Nb3 17. Rb1 Rdf8 18. Ne5 Nxe5 19. Rxe5 Rf7 20. Bg5 Rhf8 21. Bh4 Rf5 22. Bg3 g6 23. Qe2 Na5 24. Re1 Qd8 25. Rxf5 Rxf5 26. Bd6 Nc6 27. g3 Rh5 28. Bg2 Qb6 29. Bf4 Qd8 30. Bf3 Rf5 31. Bg4 Rxf4 32. gxf4 Qf6 33.
Bxe6 Qxf4 34. Bxd5 Qg5+ 35. Bg2 Bh3 36. f4 Qh4 37. Bxh3+ Qxh3 38. Qe6+ 1-0

[Event "*** Titled Tuesday Blitz"]
[Site "Chess.com"]
[Date "2021.04.06"]
[Round "11"]
[White "KacperPolOK"]
[Black "Chessbard1972"]
[Result "1-0"]
[WhiteElo "2418"]
[BlackElo "2325"]
[TimeControl "180+1"]
[EndTime "12:06:58 PDT"]
[Termination "KacperPolOK won by resignation"]

1. e4 c5 2. Nc3 a6 3. g3 e6 4. Bg2 Nc6 5. Nf3 Qc7 6. a4 Rb8 7. O-O b5 8. axb5 axb5 9. d4 b4 10. Na4 cxd4 11. Nxd4 Nf6 12. Nxc6 dxc6 13. e5 Nd5 14. Qg4 g6 15. Bxd5 exd5 16. Qd4 Bg7 17. Bf4 O-O 18. Nc5 Qe7 19. Rfe1 Bf5 20. Nd3 Ra8 21.
Rxa8 Rxa8 22. Qb6 Bxd3 23. Qxc6 Rd8 24. cxd3 g5 25. Bd2 d4 26. e6 f5 27. Bxg5 Qxg5 28.
e7 Rb8 29. e8=Q+ Rxe8 30. Rxe8+ Bf8 31. Qe6+ Kg7 32. Rc8 f4 33. Rc7+ Kh8 34. Qf7 Qh6 35.
Rc8 1-0

[Event "*** Titled Tuesday Blitz"]
[Site "Chess.com"]
[Date "2021.04.06"]
[Round "11"]
[White "jd001"]
[Black "chessprincesa1"]
[Result "0-1"]
[WhiteElo "2141"]
[BlackElo "2219"]
[TimeControl "180+1"]
[EndTime "12:06:58 PDT"]
[Termination "chessprincesa1 won by checkmate"]

1. d4 Nf6 2. c4 e6 3. Nf3 d5 4.
Nc3 Bb4 5. Bg5 dxc4 6. e3 b5 7. Ne5 Bb7 8. Be2 Bxg2 9. Rg1 Bb7 10. Bf3 c6 11. Kf1 a6 12. a4 Qe7 13. Rg3 h6 14.
Bxf6 gxf6 15. Ng4 h5 16. Rh3 Nd7 17. axb5 axb5 18. e4 O-O-O 19. Ne3 c5 20. Nxb5 Ne5 21. Bg2 cxd4 22. Nc2 d3 23. Nxb4 Qxb4 24. Nc3 Qxb2 25. Na4 Qb3 26. Nc5 Qxd1+ 27. Rxd1 c3 28. Nxd3 c2 29.
Rc1 Nxd3 30. Rxc2+ Kb8 31. Rc3 Nf4 32. Rhg3 Rd1# 0-1

[Event "*** Titled Tuesday Blitz"]
[Site "Chess.com"]
[Date "2021.04.06"]
[Round "11"]
[White "UCantHandleDenker"]
[Black "Grandmaster1369"]
[Result "1-0"]
[WhiteElo "2586"]
[BlackElo "2432"]
[TimeControl "180+1"]
[EndTime "12:07:00 PDT"]
[Termination "UCantHandleDenker won on time"]

1. Nf3 Nf6 2. g3 e6 3. Bg2 d5 4.
O-O b5 5. d3 Bb7 6. Nbd2 Nbd7 7. e4 dxe4 8. Ng5 Be7 9. Ngxe4 Nxe4 10. Nxe4 Rb8 11. a4 b4 12. a5 O-O 13. a6 Ba8 14.
Be3 Nb6 15. h4 f5 16. Ng5 Bxg2 17. Kxg2 Qd5+ 18. Qf3 Bxg5 19. hxg5 Qxf3+ 20. Kxf3 Nd5 21. Bxa7 Rb5 22. Bd4 c5 23. Be5 Nb6 24. a7 c4 25.
Bd6 Ra8 26. d4 Nc8 27. Bc5 Rb7 28. Ra6 Kf7 29. Re1 b3 30. c3 Nxa7 31. Rea1 e5 32. Bxa7 e4+ 33. Ke3 g6 34. Bc5 Rxa6 35. Rxa6 Rc7 36.
Kf4 Rb7 37. Ra7 Rxa7 38. Bxa7 Ke6 39. Bc5 Kd5 40. g4 fxg4 41. Kxg4 Ke6 42. Kf4 Kd5 43. Bf8 1-0

[Event "*** Titled Tuesday Blitz"]
[Site "Chess.com"]
[Date "2021.04.06"]
[Round "11"]
[White "lukazz029"]
[Black "Shankovskyi"]
[Result "1-0"]
[WhiteElo "2148"]
[BlackElo "2409"]
[TimeControl "180+1"]
[EndTime "12:07:00 PDT"]
[Termination "lukazz029 won on time"]

1. d4 e6 2. c4 d5 3. g3 Nf6 4. Nf3 Bb4+ 5. Bd2 Bxd2+ 6. Qxd2 O-O 7. Bg2 Nc6 8. cxd5 exd5 9. O-O Ne4 10. Qc2 Bf5 11. Qb3 Rb8 12. Nc3 Nxc3 13. bxc3 Re8 14. Rfe1 Na5 15. Qa3 b6 16. Ne5 f6 17. Nd3 Kh8 18. Nf4 c6 19. Bf3 Ra8 20. Kg2 Nc4 21. Qc1 Qd7 22. a4 Re7 23. e3 Rae8 24. h4 h6 25. h5 Kg8 26. Be2 Be4+ 27. f3 Bh7 28. Bxc4 dxc4 29. e4 Qc7 30. Qb2 c5 31. d5 Qe5 32. a5 Rb7 33. Qb5 Reb8 34. Qxc4 b5 35. Qxc5 Rc7 36. Qd4 Rxc3 37. Qxa7 Rbc8 38. Qd7 Rc2+ 39. Kh1 Rd2 40. Qxc8+ Kf7 41. Qe6+ 1-0

[Event "*** Titled Tuesday Blitz"]
[Site "Chess.com"]
[Date "2021.04.06"]
[Round "11"]
[White "Handszar"]
[Black "Sadykov_Ramil"]
[Result "1-0"]
[WhiteElo "2383"]
[BlackElo "2484"]
[TimeControl "180+1"]
[EndTime "12:07:01 PDT"]
[Termination "Handszar won by resignation"]

1. e4 c5 2. Nf3 e6 3. d4 cxd4 4. Nxd4 Nf6 5. Nc3 d6 6. Be3 Be7 7. Be2 Nc6 8. Qd2 O-O 9. g4 Nxd4 10. Qxd4 e5 11. Qd1 Be6 12. g5 Nd7 13. Qd2 a6 14.
O-O-O b5 15. Kb1 Nb6 16. h4 Rc8 17. h5 Nc4 18. Bxc4 Rxc4 19. f3 Qc7 20. g6 b4 21. Nd5 Bxd5 22. Qxd5 Rxc2 23. h6 hxg6 24. hxg7 Kxg7 25. Bh6+ Kf6 26. f4 Qc4 27. fxe5+ dxe5 28. Rdf1+ 1-0

[Event "*** Titled Tuesday Blitz"]
[Site "Chess.com"]
[Date "2021.04.06"]
[Round "11"]
[White "Boorchess"]
[Black "The_filthy"]
[Result "1-0"]
[WhiteElo "2537"]
[BlackElo "2377"]
[TimeControl "180+1"]
[EndTime "12:07:01 PDT"]
[Termination "Boorchess won by resignation"]

1. Nf3 d5 2. d4 c6 3. c4 Nf6 4. Qc2 g6 5. cxd5 cxd5 6. Nc3 Nc6 7. Bf4 Bg7 8. e3 O-O 9. Be2 Bf5 10. Qb3 Na5 11. Qb4 a6 12. O-O Re8 13. Be5 Bf8 14.
Na4 Nd7 15. Rac1 Nxe5 16. Nxe5 f6 17. Nf3 e5 18. Qb6 e4 19. Nd2 Qxb6 20. Nxb6 Rad8 21. a3 Be6 22. b4 Nc6 23. Nb3 Bd6 24. Nc5 Bxc5 25.
bxc5 f5 26. Rb1 Re7 27. Rb3 g5 28. Rfb1 f4 29. Na4 Rdd7 30. Rb6 Nd8 31. c6 bxc6 32. Nc5 Rc7 33. Rxa6 Kg7 34. Ra8 Nf7 35. a4 Bf5 36. a5 Kg6 37. a6 h5 38. Rb7 g4 39. g3 f3 40. Bf1 Rxb7 41. axb7 Rxb7 42. Nxb7 1-0

[Event "*** Titled Tuesday Blitz"]
[Site "Chess.com"]
[Date "2021.04.06"]
[Round "11"]
[White "EvgenyT"]
[Black "Koalaskakistis"]
[Result "1-0"]
[WhiteElo "2895"]
[BlackElo "2592"]
[TimeControl "180+1"]
[EndTime "12:07:03 PDT"]
[Termination "EvgenyT won by resignation"]

1. c4 f5 2. d4 Nf6 3. g3 e6 4. Bg2 Be7 5. Nh3 O-O 6. O-O d6 7. Nf4 e5 8. Nd5 Nxd5 9. cxd5 e4 10. f3 exf3 11. Bxf3 Nd7 12. Nc3 Nf6 13. Bf4 Bd7 14. Qd2 b5 15. a3 Qb8 16. b4 a5 17. Kg2 Qb6 18. h4 Ra7 19. h5 h6 20.
Rad1 axb4 21. axb4 Ra3 22. Ra1 Rfa8 23. Rxa3 Rxa3 24.
Rc1 Ne8 25. Qb2 Qa7 26. Be3 Nf6 27. Bf2 Bd8 28. Re1 Qa8 29. Rb1 Be8 30. Rh1 Ra6 31. Qc2 Qc8 32. Qd2 Qd7 33. Be3 Ra3 34. Qb2 Ra8 35.
Bf4 Bf7 36. Qd2 Ra3 37. Qb2 Ra8 38. Qc1 Ra3 39. Qxa3 1-0

[Event "*** Titled Tuesday Blitz"]
[Site "Chess.com"]
[Date "2021.04.06"]
[Round "11"]
[White "GMJustin"]
[Black "TimKett"]
[Result "0-1"]
[WhiteElo "2254"]
[BlackElo "2227"]
[TimeControl "180+1"]
[EndTime "12:07:03 PDT"]
[Termination "TimKett won on time"]

1. e4 e5 2. Nf3 Nc6 3. Bc4 Nf6 4.
Ng5 d5 5. exd5 Na5 6. Bb5+ c6 7.
dxc6 bxc6 8. Qf3 Be7 9. Bd3 O-O 10. Nc3 h6 11. h4 Nd5 12. Bh7+ Kh8 13. Nxf7+ Rxf7 14.
Qxf7 Kxh7 15. d3 Nxc3 16. bxc3 Bxh4 17. Qh5 Bf6 18. g4 e4 19. d4 Ba6 20. g5 Bxd4 21.
cxd4 Qxd4 22. Rb1 Nc4 23. gxh6 Qc3+ 24. Kf1 Ne3+ 25. Kg1 Qe1+ 26. Kh2 Qxf2+ 27. Kh3 Bc8+ 0-1

[Event "*** Titled Tuesday Blitz"]
[Site "Chess.com"]
[Date "2021.04.06"]
[Round "11"]
[White "Giorno"]
[Black "AlexSuv"]
[Result "0-1"]
[WhiteElo "2461"]
[BlackElo "2581"]
[TimeControl "180+1"]
[EndTime "12:07:04 PDT"]
[Termination "AlexSuv won by checkmate"]

1. d4 Nf6 2. c4 e6 3. Nc3 Bb4 4.
e3 O-O 5. Bd2 d5 6. Nf3 b6 7.
cxd5 exd5 8. Rc1 Bb7 9. Bd3 c5 10. O-O Nc6 11. a3 Bxc3 12. Bxc3 c4 13. Bc2 Ne4 14.
Bxe4 dxe4 15. Ne5 Qd5 16. Qe2 b5 17. Nxc6 Bxc6 18. Bb4 Rfc8 19. Bc5 a6 20. f4 exf3 21. Rxf3 Re8 22. Rcf1 f6 23. Rg3 Kh8 24. Qg4 Qf7 25.
h4 Re4 26. Qh3 Bd7 27. Qh2 Qh5 28. Rgf3 Rxh4 29. Qc7 Bg4 30. Rf4 Rh1+ 31. Kf2 Qh4+ 32. g3 Qh2+ 33. Ke1 Qe2# 0-1

[Event "*** Titled Tuesday Blitz"]
[Site "Chess.com"]
[Date "2021.04.06"]
[Round "11"]
[White "oogee"]
[Black "AttilaTurzo"]
[Result "1-0"]
[WhiteElo "2402"]
[BlackElo "2494"]
[TimeControl "180+1"]
[EndTime "12:07:05 PDT"]
[Termination "oogee won on time"]

1. d4 c6 2. Nf3 d5 3. g3 Bg4 4.
Ne5 Bf5 5. Bg2 Nf6 6. O-O e6 7. Nd2 Be7 8. Ndf3 O-O 9. Nh4 Be4 10. f3 Bg6 11. Nhxg6 hxg6 12. e4 Nbd7 13. Nd3 c5 14. Be3 cxd4 15. Bxd4 dxe4 16. fxe4 Qc7 17. Kh1 Nc5 18.
Be5 Qb6 19. Qf3 Nxd3 20. cxd3 Rad8 21. Bc3 Nd7 22. d4 Qa6 23. a3 Nb6 24. Rae1 Na4 25. d5 Nxc3 26. Qxc3 exd5 27. exd5 Bf6 28. Qb4 Rd6 29.
h4 Rb6 30. Qg4 Rxb2 31. h5 gxh5 32. Qxh5 Qxa3 33. Rxf6 Qxg3 34. Rg1 Rb4 35. Be4 1-0

[Event "*** Titled Tuesday Blitz"]
[Site "Chess.com"]
[Date "2021.04.06"]
[Round "11"]
[White "Andreikka"]
[Black "Sibelephant"]
[Result "1-0"]
[WhiteElo "2886"]
[BlackElo "3099"]
[TimeControl "180+1"]
[EndTime "12:07:07 PDT"]
[Termination "Andreikka won by resignation"]

1. d4 Nf6 2. Nc3 d5 3. Bf4 c5 4. e3 cxd4 5. exd4 a6 6. Nf3 Bg4 7. Be2 Nc6 8. Ne5 Bxe2 9. Nxe2 e6 10. c3 Bd6 11. Qd3 Qc7 12. Nxc6 bxc6 13. Bxd6 Qxd6 14.
Qg3 Ke7 15. Nf4 Ne4 16. Qe3 c5 17. Nd3 c4 18. Ne5 f6 19. Nxc4 Qc6 20. Nd2 Nxd2 21. Qxd2 Qb5 22. O-O-O Rab8 23. Rhe1 Rhc8 24. Re3 Rc6 25. Rde1 Qa4 26. Qe2 Rbb6 27. Kb1 Qa5 28. Qg4 g6 29. Qh3 h5 30. g4 Qa3 31. R1e2 Qa4 32.
Rd2 h4 33. Qxh4 Qb5 34. Qh7+ Kd6 35. Rde2 e5 36. Qxg6 Qc4 37. Qxf6+ Kc7 38. Qxe5+ Kb7 39.
Qf5 a5 40. Qd3 Qa4 41. Re7+ Kb8 42. Re8+ 1-0

[Event "*** Titled Tuesday Blitz"]
[Site "Chess.com"]
[Date "2021.04.06"]
[Round "11"]
[White "ffbp3q"]
[Black "Yurovskykh_Oleksandr"]
[Result "1-0"]
[WhiteElo "2392"]
[BlackElo "2505"]
[TimeControl "180+1"]
[EndTime "12:07:07 PDT"]
[Termination "ffbp3q won on time"]

1. d4 d5 2. c4 dxc4 3. Nf3 Nf6 4. e3 e6 5. Bxc4 a6 6. O-O b5 7. Bd3 Bb7 8. Qe2 c5 9. dxc5 Bxc5 10. Bxb5+ Nbd7 11. Ba4 O-O 12. Nc3 Qe7 13. Bc2 a5 14. Bd2 Rfd8 15.
Rfd1 Ba6 16. Nb5 Rab8 17. a4 Bb4 18. Nfd4 Rdc8 19. Rac1 Bxd2 20. Qxd2 Nc5 21. Qxa5 Nd5 22. Nc6 Rxc6 23. Nd4 Rcc8 24. Bb1 Bb7 25. b4 Nd7 26. b5 N7b6 27. Nc6 Bxc6 28. bxc6 Qc7 29. e4 Ra8 30. Qd2 Ne7 31. a5 Nc4 32. Rxc4 Nxc6 33. Rdc1 1-0

[Event "*** Titled Tuesday Blitz"]
[Site "Chess.com"]
[Date "2021.04.06"]
[Round "11"]
[White "Margency"]
[Black "Orest_Vovk"]
[Result "1/2-1/2"]
[WhiteElo "2721"]
[BlackElo "2613"]
[TimeControl "180+1"]
[EndTime "12:07:10 PDT"]
[Termination "Game drawn by repetition"]

1. e4 Nc6 2. Nf3 d5 3. exd5 Qxd5 4. Nc3 Qa5 5. Bb5 Bd7 6. d4 O-O-O 7. O-O a6 8. Bxc6 Bxc6 9. Ne5 Be8 10. Be3 f6 11.
Nc4 Qh5 12. a4 Qxd1 13. Rfxd1 Bf7 14. d5 e6 15. dxe6 Rxd1+ 16. Rxd1 Bxe6 17. Nd2 Bb4 18. Nde4 Ne7 19. Bc5 Bxc3 20. Nxc3 Nc6 21. f3 Bf5 22. Rd2 b6 23. Ba3 Rd8 24. Rxd8+ Kxd8 25. Bf8 g6 26. Bg7 Ke7 27. Nd5+ Kf7 28. Bh6 Bxc2 29. Nxc7 Bxa4 30. Nxa6 g5 31. h4 Kg6 32. hxg5 fxg5 33. Bf8 Ne5 34. Nb4 Nc4 35. Nd5 Nxb2 36. Nxb6 Bc6 37. Kf2 h5 38. Bd6 Bb5 39. Be7 Nd1+ 40. Kg1 Nc3 41. Bb4 Ne2+ 42. Kf2 Nf4 43. Bd6 Nd3+ 44. Ke3 Ne1 45. Kf2 Nd3+ 46. Ke3 Ne1 47. Kf2 Nd3+ 1/2-1/2

[Event "*** Titled Tuesday Blitz"]
[Site "Chess.com"]
[Date "2021.04.06"]
[Round "11"]
[White "steka121"]
[Black "kingnb"]
[Result "1/2-1/2"]
[WhiteElo "2380"]
[BlackElo "2592"]
[TimeControl "180+1"]
[EndTime "12:07:10 PDT"]
[Termination "Game drawn by repetition"]

1. e4 d5 2. exd5 Nf6 3. Nc3 Nxd5 4. Nxd5 Qxd5 5. Qf3 Be6 6. Bd3 Nc6 7. Be4 Qd7 8.
Ne2 Bg4 9. Bxc6 bxc6 10. Qe3 g6 11. f3 Bf5 12. Qc3 Rg8 13. d4 Bg7 14. Be3 Rd8 15.
O-O-O Qd5 16. Kb1 Rb8 17. Nf4 Qb5 18. g4 Bd7 19. b3 a5 20. Nd3 Be6 21. Bf4 Kd8 22. Nc5 Bd5 23. a4 Qb6 24. Rhe1 e6 25. Qd3 Kc8 26. c4 Rd8 27. cxd5 Rxd5 28. Be5 Bf8 29.
Ka2 Bxc5 30. dxc5 Qxc5 31. Qc3 Qf2+ 32. Ka3 Kd7 33. Rxd5+ exd5 34. Bd4 Qxh2 35. Bc5 Qf4 36. Re7+ Kc8 37. Qh8+ Kb7 38. Qc3 Ra8 39. Bd4 Qd6+ 40.
Bc5 Qf4 41. Bd4 Qd6+ 42. Bc5 Qf4 1/2-1/2

[Event "*** Titled Tuesday Blitz"]
[Site "Chess.com"]
[Date "2021.04.06"]
[Round "11"]
[White "tteshan"]
[Black "prachiti01"]
[Result "0-1"]
[WhiteElo "2294"]
[BlackElo "2192"]
[TimeControl "180+1"]
[EndTime "12:07:10 PDT"]
[Termination "prachiti01 won by checkmate"]

1. e4 e6 2. d3 d5 3. Qe2 c5 4.
Nf3 Nc6 5. g3 Nf6 6. Bg2 Be7 7.
O-O O-O 8. e5 Nd7 9. c4 dxc4 10.
dxc4 Nd4 11. Qe4 Nxf3+ 12. Bxf3 Qc7 13. Re1 Rd8 14. Nc3 a6 15. h4 Rb8 16. Bd1 b6 17. Bc2 Nf8 18. h5 Bb7 19. Qg4 Rd4 20. Qe2 Rbd8 21.
f4 Ba8 22. Be4 Bxe4 23. Nxe4 Qc6 24. h6 g6 25. b3 Rd3 26. Bb2 Qd7 27. Nd6 Rxg3+ 28.
Kh2 Bh4 29. Red1 Qe7 30. Qe4 Rg4 31. Rg1 Rxg1 32. Rxg1 Bf2 33. Rg2 Qh4# 0-1

[Event "*** Titled Tuesday Blitz"]
[Site "Chess.com"]
[Date "2021.04.06"]
[Round "11"]
[White "Ladislav1969"]
[Black "Caterpiller35"]
[Result "0-1"]
[WhiteElo "2340"]
[BlackElo "2447"]
[TimeControl "180+1"]
[EndTime "12:07:11 PDT"]
[Termination "Caterpiller35 won on time"]

1. e4 c5 2. d4 cxd4 3. c3 d3 4. Bxd3 g6 5. c4 Bg7 6. Nc3 d6 7. f4 Nc6 8. Nf3 Bg4 9. Be3 Qa5 10. Rc1 Nd4 11. O-O Nxf3+ 12. gxf3 Bh3 13. Rf2 Nf6 14. Nd5 Nxd5 15. cxd5 O-O 16. Qd2 Qxa2 17. Qb4 Rad8 18. Bc4 a5 19. Qb5 Bd7 20. Qxb7 Qa4 21. b3 Qb4 22. Qxb4 axb4 23. Rd2 f5 24. e5 dxe5 25. d6+ e6 26. fxe5 Bxe5 27. Bg5 Rc8 28. Re1 Bc3 29. Rxe6 Rxc4 30. bxc4 Bxe6 0-1

[Event "*** Titled Tuesday Blitz"]
[Site "Chess.com"]
[Date "2021.04.06"]
[Round "11"]
[White "shnitez"]
[Black "Skatchkov_V"]
[Result "1-0"]
[WhiteElo "2523"]
[BlackElo "2599"]
[TimeControl "180+1"]
[EndTime "12:07:12 PDT"]
[Termination "shnitez won by checkmate"]

1. c4 e5 2. Nc3 Nf6 3. Nf3 Nc6 4.
e3 Bb4 5. Qc2 Bxc3 6. Qxc3 Qe7 7. a3 O-O 8. d4 exd4 9. Nxd4 Ne5 10. b3 d6 11. Be2 Bg4 12. Bb2 Bxe2 13. Nxe2 Ne4 14.
Qd4 Qh4 15. Ng3 f5 16. Qd5+ Kh8 17. Bxe5 dxe5 18. Nxe4 fxe4 19. O-O Rad8 20. Qxe5 Rd2 21. Qg3 Qxg3 22. fxg3 Kg8 23. Rxf8+ Kxf8 24. Rf1+ Ke7 25. Rf4 Rd3 26. Rxe4+ Kf6 27. b4 Rxa3 28. Kf2 Rb3 29. c5 Rb2+ 30. Kf3 a6 31. h4 b6 32. cxb6 cxb6 33. g4 h6 34. Rc4 Kf7 35. g3 a5 36.
bxa5 bxa5 37. Rc7+ Kg6 38. Kf4 a4 39. Ra7 Ra2 40. Ra6+ Kf7 41. g5 h5 42. g6+ Ke7 43.
Kg5 a3 44. Ra7+ Ke6 45. Rxg7 Rg2 46. Ra7 a2 47. Kxh5 Kf6 48. g4 Rb2 49. Ra6+ Kg7 50.
Ra7+ Kf6 51. g5+ Kf5 52. g7 Rb7 53. Rxa2 Rxg7 54. Rf2+ Ke4 55. g6 Kxe3 56. Rf7 Rg8 57. Kg5 Ke4 58. h5 Ke5 59. h6 Ke6 60. h7 Rb8 61. Rf2 Ke7 62. g7 Rb5+ 63. Rf5 Rb2 64.
g8=Q Rg2+ 65. Kf4 Rf2+ 66. Ke4 Rd2 67. Rf7+ Ke6 68. Qg6# 1-0

[Event "*** Titled Tuesday Blitz"]
[Site "Chess.com"]
[Date "2021.04.06"]
[Round "11"]
[White "PchelkinVK"]
[Black "Rondo_Capriccioso"]
[Result "1-0"]
[WhiteElo "2585"]
[BlackElo "2478"]
[TimeControl "180+1"]
[EndTime "12:07:12 PDT"]
[Termination "PchelkinVK won by resignation"]

1. d4 Nf6 2. Nc3 d5 3. Bf4 c5 4. e4 cxd4 5. Qxd4 Nc6 6. Bb5 Nxe4 7. Nxe4 dxe4 8. Qxd8+ Kxd8 9. O-O-O+ Ke8 10. Ne2 Bd7 11.
Nc3 a6 12. Nd5 Kd8 13. Bxc6 bxc6 14. Bc7+ Ke8 15. Nb6 Ra7 16. Rxd7 f6 17. Rhd1 g6 18. a4 Bh6+ 19. Kb1 Kf7 20. a5 Rb7 21. Bg3 Rxd7 22. Rxd7 Ke6 23. Rc7 f5 24. Rxc6+ Kf7 25. Be5 Rd8 26. c3 Rd2 27. Bd4 e5 28. Rc7+ Ke6 29.
Bc5 f4 30. Rxh7 e3 31. fxe3 fxe3 32. Rxh6 e2 33. Bf2 Kf5 34. Rh3 Rd1+ 35. Ka2 Rf1 36. Rf3+ Kg4 37. Bg3 e4 38. Re3 1-0

[Event "*** Titled Tuesday Blitz"]
[Site "Chess.com"]
[Date "2021.04.06"]
[Round "11"]
[White "zala02"]
[Black "kuba2006"]
[Result "0-1"]
[WhiteElo "2168"]
[BlackElo "2342"]
[TimeControl "180+1"]
[EndTime "12:07:12 PDT"]
[Termination "kuba2006 won on time"]

1. e4 Nf6 2. d3 e6 3. f4 d5 4. e5 Nfd7 5. Nf3 c5 6. g4 Be7 7. Bg2 h5 8. g5 g6 9. O-O O-O 10.
Kh1 Nc6 11. Nc3 a6 12. Ne2 Kg7 13.
Ng3 Rh8 14. Nh4 b5 15. c4 Nb6 16. b3 Bb7 17. cxd5 Nxd5 18. Qe1 Nd4 19. Qf2 Nf5 20.
Ngxf5+ exf5 21. Bb2 Re8 22. Rae1 Kh7 23. e6 f6 24. Nf3 Nxf4 25. Bc1 Nxd3 0-1

[Event "*** Titled Tuesday Blitz"]
[Site "Chess.com"]
[Date "2021.04.06"]
[Round "11"]
[White "Chernobay_Artem"]
[Black "Byniolus"]
[Result "1-0"]
[WhiteElo "2604"]
[BlackElo "2839"]
[TimeControl "180+1"]
[EndTime "12:07:15 PDT"]
[Termination "Chernobay_Artem won by checkmate"]

1. d4 d6 2. c4 e5 3. Nf3 exd4 4.
Nxd4 g6 5. g3 Bg7 6. Bg2 Ne7 7.
O-O O-O 8. Nc3 Nd7 9. Qd2 a5 10. b3 a4 11. Nxa4 c5 12. Nc2 Bxa1 13. Nxa1 Nb6 14.
Nc3 Be6 15. e4 Nc6 16. Nc2 Qd7 17. Rd1 Rfd8 18. Bb2 Bh3 19. Qh6 Ne5 20. Bxh3 Qe7 21. f4 Nf3+ 22. Kg2 Nd4 23. Nxd4 cxd4 24. Rxd4 f6 25.
Rd2 Qg7 26. Qh4 Kh8 27. a4 Rf8 28. Rxd6 Nc8 29. Rd2 Ne7 30. Nd5 Ng8 31. e5 Rae8 32. exf6 Qf7 33. Qg4 Nh6 34. Qf3 Re6 35. Bxe6 Qxe6 36.
f7+ Qf6 37. Bxf6# 1-0

[Event "*** Titled Tuesday Blitz"]
[Site "Chess.com"]
[Date "2021.04.06"]
[Round "11"]
[White "anpospan"]
[Black "maximych26"]
[Result "1-0"]
[WhiteElo "2403"]
[BlackElo "2272"]
[TimeControl "180+1"]
[EndTime "12:07:15 PDT"]
[Termination "anpospan won by resignation"]

1. d4 Nf6 2. c4 c5 3. Nf3 e6 4.
Nc3 cxd4 5. Nxd4 Nc6 6. Nb3 Bb4 7. g3 d5 8. cxd5 Qxd5 9. Qxd5 Nxd5 10. Bd2 Bxc3 11.
bxc3 O-O 12. Bg2 Ne5 13. Na5 b6 14. c4 bxa5 15. cxd5 Bb7 16. Bxa5 Bxd5 17. Bxd5 exd5 18. O-O Nc4 19. Bc3 Rab8 20. Rfd1 Rfd8 21. Bd4 a6 22. Rab1 f6 23. Rxb8 Rxb8 24. Bc5 Rd8 25. e4 Kf7 26. Rxd5 Rxd5 27. exd5 f5 28. f3 g6 29. Kf2 Kf6 30. f4 Nd2 31. Ke3 Ne4 32. Kd4 h6 33. Bb6 Ke7 34. Bc5+ Kd7 35. Bf8 h5 36. Ke5 Ke8 37. Bb4 Kd7 38. a4 a5 39.
Bxa5 Nc5 40. Kf6 Nxa4 41. Kxg6 Kd6 42. Kxf5 Kxd5 43. Kg5 Ke4 44. Kxh5 Nc5 45. Bd2 Kd3 46. Kg6 Kxd2 47. h4 Ke3 48. h5 Nd7 49. h6 Nf8+ 50.
Kg7 Ne6+ 51. Kf7 Nd8+ 52. Kf6 Kf3 53. h7 1-0